AoeStats
← Bane24

Arena

509750059Analyzed
2v2 RM · 5d ago on Sep 27, 2026· 67m 59s· 4 players
Game mode
Random Map
Map size
Medium (4 player)
Population
200
Speed
Normal
Resources
Standard
Victory
Conquest
Starting age
Dark Age
Ending age
Imperial Age
RankedLock teamsTeams togetherTeam positionsShared explorationLock speedFull tech treeHidden civsTurbo modeCheats
Victory
Defeat
🇨🇱 Sicilians · Chile
767
+18
🇺🇸 Lithuanians · United States
729
+19
🇨🇭 Bohemians · Switzerland
823
-19
🇮🇳 Mongols · India
801
-18
Foster
10:17 Feudal Age
15:21 Castle Age
15:00 Horse Collar
17:00 Double-Bit Axe
19:02 Light Cavalry
19:53 Bloodlines
20:25 Stone Mining
24:28 Bow Saw
24:11 Gold Mining
26:11 Heavy Plow
27:31 Wheelbarrow
26:43 Town Watch
26:45 Loom
31:44 Imperial Age
30:21 Stone Shaft Mining
30:08 Forging
30:18 Husbandry
32:47 Conscription
34:18 Crop Rotation
35:19 Iron Casting
35:15 Elite Leitis
36:25 Scale Barding Armor
42:35 Chain Barding Armor
47:58 Plate Barding Armor
51:25 Elite Skirmisher
52:11 Thumb Ring
53:12 Caravan
57:43 Fletching
63:07 Two-Man Saw
Keep.It.Real
4:54 Loom
5:40 Loom
8:42 Loom
11:51 Feudal Age
10:14 Loom
13:20 Double-Bit Axe
13:17 Horse Collar
13:31 Stone Mining
14:24 Wheelbarrow
20:35 Castle Age
18:53 Forging
18:44 Scale Mail Armor
19:01 Gold Mining
22:01 Gold Shaft Mining
21:27 Heavy Plow
21:39 Bow Saw
23:58 Hand Cart
28:25 Iron Casting
28:06 Chain Mail Armor
32:15 Imperial Age
31:03 Scale Barding Armor
31:47 Husbandry
31:57 Bloodlines
32:24 Chain Barding Armor
39:49 Plate Barding Armor
40:25 Blast Furnace
39:56 Plate Mail Armor
42:11 Cavalier
42:19 Cavalier
47:09 Conscription
46:40 Elite Serjeant
53:59 Plate Mail Armor
61:16 Hauberk
BabaYaga0701356
10:32 Feudal Age
15:52 Castle Age
28:56 Imperial Age
28:42 Wheelbarrow
29:47 Murder Holes
30:54 Chemistry
31:53 Hand Cart
32:00 Fortified Wall
42:11 Pikeman
42:51 Squires
42:37 Arson
63:47 Houfnice
64:39 Siege Engineers
64:56 Ballistics
Bane24
10:37 Feudal Age
15:25 Castle Age
13:28 Double-Bit Axe
13:44 Horse Collar
15:18 Gold Mining
17:27 Stone Mining
18:12 Gold Shaft Mining
23:04 Stone Shaft Mining
23:04 Gold Shaft Mining
23:27 Heavy Plow
25:48 Bow Saw
25:50 Arson
26:06 Squires
26:44 Pikeman
28:14 Nomads
29:04 Gold Shaft Mining
31:50 Imperial Age
31:02 Wheelbarrow
30:55 Thumb Ring
31:01 Herbal Medicine
31:16 Scale Barding Armor
31:12 Scale Mail Armor
31:23 Forging
32:11 Fletching
34:11 Drill
34:50 Husbandry
35:00 Bloodlines
34:11 Light Cavalry
36:30 Hussar
38:00 Elite Mangudai
40:31 Chain Barding Armor
40:27 Chain Mail Armor
40:08 Bodkin Arrow
48:53 Capped Ram
Connection lost

Rejoining the realm…

Still unreachable

The connection could not be restored.

Session expired

The server has moved on; the page needs a fresh start.